 Dungeon Crawl Stone Soup version 0.31.0-11-ge490571c62 (webtiles) character file.

Game seed: 11539537128291353811

17250 arthad the Geomancer (level 12, 0/67 HPs)
             Began as a Gargoyle Earth Elementalist on Jan 28, 2024.
             Was an Elder of Vehumet.
             Slain by a skeletal warrior
             ... wielding a +0 mace
              (14 damage)
             ... on level 13 of the Dungeon on Feb 4, 2024.
             The game lasted 00:37:02 (14205 turns).

arthad the Geomancer (Gargoyle Earth Elementalist) Turns: 14205, Time: 00:37:03

Health: 0/67       AC: 15    Str: 12    XL:     12   Next: 46%
Magic:  15/25      EV: 13    Int: 27    God:    Vehumet [****..]
Gold:   609        SH:  0    Dex: 10    Spells: 12/30 levels left

rFire   + . .        C - staff of earth
rCold   + . .        (no shield)
rNeg    + . .        H - +2 robe {rC+}
rPois   ∞            o - +1 helmet
rElec   +            (no cloak)
rCorr   .            (no gloves)
SInv    .            (no boots)
Will    .....        z - amulet of regeneration
Stlth   +++          N - +6 ring of intelligence
HPRegen 1.11/turn    P - ring of protection from fire
MPRegen 0.19/turn

%: no passive effects
@: no status effects
A: sickness immunity, AC +8, negative energy resistance 1, electricity
resistance, torment resistance 1, petrification resistance
a: Renounce Religion


You were on level 13 of the Dungeon.
You worshipped Vehumet.
Vehumet was greatly pleased with you.
You visited 2 branches of the dungeon, and saw 13 of its levels.
You also visited: Sewer.

You collected 609 gold pieces.

Inventory:

Hand Weapons
 n - a +8 dagger of venom
 E - a +2 whip of electrocution
 S - the +4 halberd of Victory {freeze, Fly Int+2}
   (You took it off an orc knight on level 10 of the Dungeon)

   Int+2:     It affects your intelligence (+2).
   Fly:       It grants you flight.
Missiles
 A - 3 poisoned darts
Armour
 a - a +0 robe
 o - a +1 helmet (worn)
 B - +0 ice dragon scales
 D - a +0 troll leather armour
 F - a +2 robe
 H - a +2 robe of cold resistance (worn)
 M - an orb of light
Magical Staves
 C - a staff of earth (weapon)
Jewellery
 m - a +6 ring of strength
 z - an amulet of regeneration (around neck)
 L - a ring of fire
 N - a +6 ring of intelligence (left hand)
 O - a ring of see invisible
 P - a ring of protection from fire (right hand)
 Q - the ring "Zypseg" {rF+ MP+9 Int-4 Stlth+}
   (You took it off a boggart on level 10 of the Dungeon)

   [ring of magical power]

   Int-4:     It affects your intelligence (-4).
   rF+:       It protects you from fire.
   MP+9:      It affects your magic capacity (+9).
   Stlth+:    It makes you more stealthy.
 R - a ring of protection from cold
 T - a ring of resist corrosion
Wands
 b - a wand of polymorph (6)
 x - a wand of acid (9)
 y - a wand of roots (11)
 J - a wand of flame (24)
Scrolls
 g - a scroll of enchant armour
 h - 2 scrolls of revelation
 i - a scroll of summoning
 l - a scroll of noise
 p - 3 scrolls of teleportation
 s - 3 scrolls of vulnerability
 K - 2 scrolls of immolation
 V - a scroll of amnesia {unknown}
Potions
 c - 3 potions of attraction
 d - 3 potions of degeneration
 e - a potion of mutation
 f - 5 potions of curing
 j - a potion of invisibility {unknown}
 k - a potion of heal wounds
 q - 2 potions of magic
 r - 3 potions of lignification
 t - a potion of enlightenment {unknown}
 u - 3 potions of might
 v - 3 potions of haste
 w - a potion of brilliance {unknown}
 G - 2 potions of cancellation
 I - a potion of resistance {unknown}
Miscellaneous
 U - a phial of floods


   Skills:
 + Level 4.4 Fighting
 + Level 5.4 Short Blades
 + Level 4.2 Armour
 + Level 4.3 Dodging
 + Level 5.3 Stealth
 * Level 9.8 Spellcasting
 * Level 8.5 Conjurations
 + Level 3.3 Translocations
 * Level 13.0 Earth Magic
 - Level 0.1 Evocations


You had 12 spell levels left.
You knew the following spells:

 Your Spells              Type           Power      Damage    Failure   Level
a - Sandblast             Erth           100%       2d20      0%          1
b - Stone Arrow           Conj/Erth      100%       3d13      1%          3
c - Brom's Barrelling Bo  Conj/Erth      82%        2d9       1%          4
d - Blink                 Tloc           62%        N/A       1%          2
e - Mephitic Cloud        Conj/Alch/Air  28%        N/A       1%          3
f - Lee's Rapid Deconstr  Erth           45%        3d22*     1%          5

Your spell library contained the following spells:

 Spells                   Type           Power      Damage    Failure   Level
 Magic Dart               Conj           100%       1d8       1%          1
 Passwall                 Erth           90%        N/A       1%          3
 Inner Flame              Hex/Fire       13%        N/A       3%          3
 Petrify                  Alch/Erth      64%        N/A       3%          4
 Arcjolt                  Conj/Air       18%        1d28      6%          5
 Irradiate                Conj/Alch      18%        3d17      6%          5
 Call Imp                 Summ           26%        N/A       7%          2
 Passage of Golubria      Tloc           31%        N/A       11%         4
 Tukima's Dance           Hex            13%        N/A       13%         3
 Vhi's Electric Charge    Tloc/Air       44%        N/A       22%         4
 Yara's Violent Unravell  Hex/Alch       6%         3d5       30%         5
 Plasma Beam              Fire/Air       6%         2x1d17    82%         6
 Ignition                 Fire           6%         3d4       100%        8


Dungeon Overview and Level Annotations

Branches:
Dungeon (13/15)            Temple (1/1) D:4            Lair (0/5) D:9
 Vaults (0/5) D:13          Sewer (visited)
    Orc: D:9-12

Altars:
Ashenzari
Cheibriados
Dithmenos
Elyvilon
Fedhas
Gozag
Hepliaklqana
Kikubaaqudgha
Makhleb
Nemelex Xobeh
Okawaru
Qazlal
Ru
Sif Muna
Trog
Uskayaw
Vehumet
Wu Jian
Xom
Yredelemnul
Zin
The Shining One

Shops:
D:9 :

Portals:
Trove: D:11 (give 14 scrolls of teleportation)

Annotations:
D:4 3 runed translucent doors, Biggs's ghost, amateur TrFi; gummybears's ghost, amateur GnFi; hawla's ghost, amateur FeSh
D:6 2 transporters, Gadfly's ghost, novice MfSh
D:7 1 runed translucent door, TheBioAlchemist's ghost, novice OpSh


Innate Abilities, Weirdness & Mutations

You are immune to sickness and miasma.
Your stone body is resilient. (AC +8)
You are immune to poison.
You resist negative energy. (rN+)
You are resistant to electric shocks. (rElec)
You are resistant to unholy torment.
You are immune to petrification.


Message History

The acid corrodes the skeletal warrior!
The skeletal warrior is heavily damaged.
The bolt of acid hits the skeletal warrior!
The skeletal warrior is lightly damaged.
The skeletal warrior hits you with a +0 mace!!
Casting: Lee's Rapid Deconstruction (safe; 1% risk of failure)
Confirm with . or Enter, or press ? or * to list all spells.
Aiming: Lee's Rapid Deconstruction (safe; 1% risk of failure)
Press: ? - help, Dir - move target, f - skeletal warrior, p - skeletal warrior Fragment what (e.g. wall or brittle monster)?: a skeletal warrior, wielding a +1 dire flail (heavily damaged, covered in acid)
You feel a surge of power!
The skeletal warrior shatters!!
The skeletal warrior is almost destroyed.
The blast of bone shards hits the skeletal warrior but does no damage.
The skeletal warrior is lightly damaged.
The blast of bone shards hits the skeletal warrior!!
The skeletal warrior is severely damaged.
You hear a roar!
You hear two shouts!
The skeletal warrior hits you with a +0 mace.
A two-headed ogre opens the door.
Unknown command.
Magic courses through your body.
The skeletal warrior hits you from afar with a +0 trident.
The skeletal warrior hits you with a +0 mace.
Casting: Lee's Rapid Deconstruction (safe; 1% risk of failure)
Confirm with . or Enter, or press ? or * to list all spells.
Aiming: Lee's Rapid Deconstruction (safe; 1% risk of failure)
Press: ? - help, Dir - move target, f/p - skeletal warrior Fragment what (e.g. wall or brittle monster)?: a skeletal warrior, wielding a +1 dire flail (almost destroyed, covered in acid)
You feel a surge of power!
The skeletal warrior shatters!!
You blow up the skeletal warrior!
Vehumet accepts your kill.
The blast of bone shards hits the skeletal warrior but does no damage.
The skeletal warrior is lightly damaged.
The blast of bone shards hits the skeletal warrior.
The skeletal warrior is severely damaged.
You hear an angry buzzing noise.
The skeletal warrior hits you from afar with a +0 trident!
* * * LOW HITPOINT WARNING * * *
The skeletal warrior hits you with a +0 mace!
You die...

.#.........#,,,,*******,,,,*
.########..##...##..?.#.,,,*
##,,,,,##..###O###....#.,,,*
*,,,,,#........#.....#.,,,*
*,,,,,+[..>....#.....+.,,,*
*,,,,,#........##....#.,,,*
*,,,,,#........###+###..,,*
*,,,,,#..###...##z)..'..,,*
*,,,,,#####....@z)......,,*
*,,,,,#......##########z,<*
*,,,,,#......#.....D.W#,,,*
*,,,>,#......#.#####..#,,,*
*,,,,,#..##..#.#)}(#..#,,,*
*,,,,,#..##..#.+?.∩#..#,,,*
*,,,,,#....=.#######..#,,,*
*,,,,,#.............y.#,,,*
*,,,,,#......##...#****,,,*


You could see 2 skeletal warriors and a two-headed ogre.

Vanquished Creatures
  A hydra (D:10)
  Erica (D:10)
  A centaur warrior (D:10)
  2 two-headed ogres
  Nergalle (D:10)
  3 skeletal warriors (D:13)
  An orc knight (D:10)
  Pikel (D:7)
  A deep elf pyromancer (D:10)
  4 ugly things
  3 cyclopes
  Joseph (D:7)
  A gargoyle (D:9)
  A komodo dragon (D:11)
  2 efreet
  Psyche (D:8)
  2 trolls
  A wraith (D:10)
  9 yaks
  A wyvern (D:9)
  7 vampire mosquitoes
  3 steam dragons
  3 basilisks (D:9)
  3 ice beasts
  4 orc warriors
  A boggart (D:10)
  2 black bears
  3 centaurs
  An ogre (D:5)
  A bullfrog (D:9)
  Blork the orc (D:6)
  3 gnoll sergeants
  2 brain worms (Sewer)
  2 scorpions
  5 killer bees (D:10)
  4 howler monkeys
  A bombardier beetle (D:5)
  3 hounds
  10 orc priests
  A gnoll bouda (D:10)
  A sleepcap (D:6)
  Ijyb (D:4)
  Terence (D:1)
  4 iguanas
  13 orc wizards
  Robin (D:2)
  17 adders
  20 gnolls
  5 river rats (Sewer)
  2 shadow imps
  A white imp (D:7)
  2 ufetubi (D:5)
  3 ribbon worms
  43 orcs
  13 ball pythons
  9 endoplasms
  4 giant cockroaches
  17 goblins
  3 hobgoblins
  4 jackals (Sewer)
  6 kobolds
  5 quokkas
  5 bats
  8 frilled lizards
  9 rats
295 creatures vanquished.

Vanquished Creatures (collateral kills)
  A boulder (D:9)
1 creature vanquished.

Vanquished Creatures (others)
  2 boulders
2 creatures vanquished.

Grand Total: 298 creatures vanquished

Notes
Turn   | Place    | Note
-------+----------+-------------------------------------------
     0 | D:1      | arthad the Gargoyle Earth Elementalist began the quest for
                  | the Orb.
     0 | D:1      | Reached XP level 1. HP: 10/10 MP: 3/3
   149 | D:1      | Reached XP level 2. HP: 15/15 MP: 0/5
   430 | D:1      | Reached skill level 4 in Earth Magic
   573 | D:1      | Reached XP level 3. HP: 19/19 MP: 3/6
   840 | D:2      | Noticed Terence
   853 | D:1      | Killed Terence
   979 | D:2      | Noticed Robin
  1000 | D:2      | Reached XP level 4. HP: 24/24 MP: 5/7
  1173 | D:2      | Killed Robin
  1249 | D:2      | Learned a level 3 spell: Stone Arrow
  1254 | D:2      | Learned a level 4 spell: Brom's Barrelling Boulder
  1265 | D:2      | Reached skill level 5 in Earth Magic
  1506 | D:2      | Reached XP level 5. HP: 28/28 MP: 7/9
  2007 | D:2      | Found a faded altar of an unknown god.
  2289 | D:3      | Reached skill level 6 in Earth Magic
  2844 | D:3      | Found a white marble altar of Elyvilon.
  2956 | D:4      | Found a burning altar of Makhleb.
  2989 | D:4      | Reached XP level 6. HP: 27/32 MP: 6/11
  2992 | D:4      | Found a glowing drain.
  3075 | Sewer    | Entered a sewer
  3553 | Sewer    | Reached skill level 1 in Short Blades
  3553 | Sewer    | Reached skill level 7 in Earth Magic
  3553 | Sewer    | Reached XP level 7. HP: 36/36 MP: 9/13
  4119 | D:4      | Found a staircase to the Ecumenical Temple.
  4136 | D:4      | Noticed Ijyb
  4141 | D:4      | Killed Ijyb
  4158 | Temple   | Entered the Ecumenical Temple
  4186 | Temple   | Became a worshipper of Vehumet
  4569 | D:4      | Found a runed translucent gate.
  4569 | D:4      | Found a runed translucent gate.
  4569 | D:4      | Found a runed translucent gate.
  4582 | D:4      | Noticed Biggs's ghost (amateur TrFi)
  4582 | D:4      | Noticed gummybears's ghost (amateur GnFi)
  4582 | D:4      | Noticed hawla's ghost (amateur FeSh)
  4800 | D:4      | Found a snail-covered altar of Cheibriados.
  5112 | D:4      | Found a stormy altar of Qazlal.
  5218 | D:5      | Entered Level 5 of the Dungeon
  5246 | D:5      | Reached * piety under Vehumet
  5246 | D:5      | Offered knowledge of Shock by Vehumet.
  5296 | D:5      | Reached XP level 8. HP: 20/41 MP: 9/15
  5396 | D:5      | Reached skill level 8 in Earth Magic
  5402 | D:5      | Reached skill level 5 in Spellcasting
  6239 | D:6      | Offered knowledge of Scorch by Vehumet.
  6242 | D:6      | Reached ** piety under Vehumet
  6243 | D:6      | Reached skill level 9 in Earth Magic
  6390 | D:6      | Found a transporter.
  6412 | D:6      | Noticed Gadfly's ghost (novice MfSh)
  6919 | D:6      | Noticed Blork the orc
  6923 | D:6      | Killed Blork the orc
  6924 | D:6      | Reached XP level 9. HP: 45/45 MP: 16/18
  7627 | D:6      | Found a transporter.
  7629 | D:6      | Identified the +8 dire flail of Zifulat {flame, ^Fragile
                  | rC++ Str+4}
  7720 | D:7      | Noticed Joseph
  7721 | D:7      | Found a shimmering altar of Xom.
  7727 | D:7      | HP: 1/45 [Joseph/sling bullet (15)]
  7730 | D:7      | Killed Joseph
  7934 | D:6      | Reached skill level 10 in Earth Magic
  8438 | D:7      | Found a runed translucent door.
  8439 | D:7      | Noticed TheBioAlchemist's ghost (novice OpSh)
  8488 | D:7      | Noticed Pikel
  8495 | D:7      | Killed Pikel
  8882 | D:8      | Noticed Psyche
  8887 | D:8      | Killed Psyche
  8887 | D:8      | Offered knowledge of Mephitic Cloud by Vehumet.
  8888 | D:8      | Reached skill level 5 in Conjurations
  8888 | D:8      | Reached skill level 11 in Earth Magic
  8888 | D:8      | Reached XP level 10. HP: 51/51 MP: 5/22
  8894 | D:8      | Learned a level 2 spell: Blink
  8898 | D:8      | Learned a level 3 spell: Mephitic Cloud
  9289 | D:8      | Reached *** piety under Vehumet
 10176 | D:9      | Noticed an elephant
 10272 | D:9      | Noticed a two-headed ogre
 10279 | D:9      | Killed a two-headed ogre
 10280 | D:9      | Reached skill level 1 in Fighting
 10318 | D:9      | Reached skill level 1 in Armour
 10330 | D:9      | Offered knowledge of Dazzling Flash by Vehumet.
 10334 | D:9      | Reached skill level 1 in Translocations
 10500 | D:9      | Found a glowing golden altar of the Shining One.
 10588 | D:9      | Found Taefory's Book Shoppe.
 10664 | D:9      | Noticed a green ugly thing
 10669 | D:9      | Killed a green ugly thing
 10679 | D:9      | Reached XP level 11. HP: 47/57 MP: 2/23
 10949 | D:9      | Noticed a cyclops
 10996 | D:9      | Killed a cyclops
 10997 | D:9      | Reached skill level 12 in Earth Magic
 11184 | D:9      | Found a staircase to the Lair.
 11452 | D:10     | Entered Level 10 of the Dungeon
 11635 | D:10     | Noticed Erica
 11661 | D:10     | Killed Erica
 11933 | D:10     | Reached **** piety under Vehumet
 12099 | D:10     | Offered knowledge of Lee's Rapid Deconstruction by Vehumet.
 12108 | D:10     | Learned a level 5 spell: Lee's Rapid Deconstruction
 12183 | D:9      | Noticed a brown ugly thing
 12188 | D:9      | Killed a brown ugly thing
 12444 | D:10     | Found a bloodstained altar of Trog.
 12645 | D:10     | Noticed a seven-headed hydra
 12652 | D:10     | Killed a seven-headed hydra
 12653 | D:10     | Identified the ring "Zypseg" {rF+ MP+9 Int-4 Stlth+}
 12653 | D:10     | Noticed a white ugly thing
 12685 | D:10     | Killed a white ugly thing
 12687 | D:10     | Reached skill level 5 in Short Blades
 12714 | D:10     | Identified the +4 halberd of Victory {freeze, Fly Int+2}
 12714 | D:10     | Noticed an orc knight
 12801 | D:10     | Noticed a centaur warrior
 12809 | D:10     | Killed a centaur warrior
 12844 | D:10     | Noticed a cyclops
 12854 | D:10     | Killed a cyclops
 12899 | D:10     | Noticed a deep elf pyromancer
 12902 | D:10     | Killed a deep elf pyromancer
 12903 | D:10     | Reached XP level 12. HP: 66/66 MP: 19/25
 13078 | D:10     | Noticed Nergalle
 13086 | D:10     | Killed Nergalle
 13443 | D:11     | Found a portal to a secret trove of treasure.
 13475 | D:11     | Noticed a two-headed ogre
 13601 | D:11     | Reached skill level 5 in Stealth
 13956 | D:11     | Noticed a two-headed ogre
 13961 | D:11     | Killed a two-headed ogre
 14134 | D:11     | You fall into a shaft and drop 2 floors!
 14198 | D:13     | Noticed a five-headed hydra
 14198 | D:13     | Noticed a two-headed ogre
 14198 | D:13     | Found a gate to the Vaults.
 14201 | D:13     | Reached skill level 13 in Earth Magic
 14205 | D:13     | Slain by a skeletal warrior

Illustrated notes

Levels and vault maps discovered:
D:1:      psy_arrival_statuary, layout_loops_cross
D:2:      layout_basic, dreamdust_ecumenical_altar_hidden_monk_grotto,
          uniq_terence, uniq_robin
D:3:      layout_basic, mainiacjoe_overflow_tiny_flanked, minmay_puff
D:4:      layout_basic, slow_altar_1, jmf_multi_god_temple2,
          minmay_temple_entry_stoned_glass, portal_sewer_entry_f,
          gammafunk_ghost_cemetery, kennysheep_donut, minmay_crystal_water,
          hangedman_feature_mirror, uniq_ijyb
D:5:      layout_cave_pools
D:6:      layout_layer_cave, gammafunk_ghost_smash, uniq_blork_the_orc
D:7:      layout_basic, mainiacjoe_overflow_chevrons, gammafunk_ghost_grave,
          uniq_crazy_yiuf_cottage, uniq_joseph, uniq_pikel
D:8:      hellmonk_crumbling_castle, layout_basic, chequers_avenue, uniq_psyche
D:9:      minmay_diamond_stairs, layout_loops_ring,
          nicolae_tso_carved_into_rock, david_lair_generic, serial_shops, shop
D:10:     minmay_the_grid_triangle_9x9_rhombus_thin_mashed
          [minmay_the_grid_triangle_9x9_zippers_vertical,
          minmay_the_grid_triangle_9x9_prize_center,
          minmay_the_grid_triangle_9x9_stretched_checkered,
          minmay_the_grid_triangle_9x9_empty], layout_loops_ring,
          mainiacjoe_overflow_alcove_1, solitary_fountain, uniq_nergalle,
          uniq_erica
D:11:     layout_basic, nicolae_trove_entry_isolated
D:13:     layout_gridville, david_vaults_4
Temple:   bh_familiar_temple

Skill      XL: |  1  2  3  4  5  6  7  8  9 10 11 12 |
---------------+-------------------------------------+-----
Dodging        | 2 3 4 |  4.3
Earth Magic    | 4 5 6 7 9 11 12 13 | 13.0
Spellcasting   | 3 4 6 8 9 |  9.8
Conjurations   | 2 3 5 6 7 8 |  8.5
Short Blades   | 1 2 3 4 5 |  5.4
Fighting       | 2 3 4 |  4.4
Armour         | 1 3 4 |  4.2
Stealth        | 3 4 5 |  5.3
Translocations | 1 2 3 |  3.3
Evocations     | |  0.1

Action                     |  1- 3 |  4- 6 |  7- 9 | 10-12 || total
---------------------------+-------+-------+-------+-------++-------
  Melee: Dagger            |       |     2 |    34 |       ||    36
         Punch             |       |       |     1 |       ||     1
         Staff             |       |       |     2 |     2 ||     4
   Cast: Sandblast         |    38 |   102 |   145 |    82 ||   367
         Stone Arrow       |       |       |    49 |   136 ||   185
         Brom's Barrelling |       |       |       |     6 ||     6
         Lee's Rapid Decon |       |       |       |    15 ||    15
         Blink             |       |       |       |     3 ||     3
         Mephitic Cloud    |       |       |       |     1 ||     1
  Evoke: Wand              |       |       |     3 |     2 ||     5
    Use: Potion            |     1 |       |     1 |     4 ||     6
         Scroll            |       |     3 |     2 |    15 ||    20
 Armour: Robe              |    10 |    11 |   112 |   103 ||   236
  Dodge: Dodged            |     9 |    23 |    75 |    69 ||   176
